 Dungeon Crawl Stone Soup version 0.27.1-34-g3ba077fa99 (webtiles) character file.

Game seed: 6665453414897540385

23 alasdair19 the Shield-Bearer (level 2, -4/27 HPs)
             Began as a Minotaur Fighter on Jan 30, 2022.
             Slain by Crazy Yiuf (5 damage)
             ... on level 2 of the Dungeon.
             The game lasted 00:01:59 (1552 turns).

alasdair19 the Shield-Bearer (Minotaur Fighter)     Turns: 1552, Time: 00:02:00

Health: -4/27      AC: 12    Str: 20    XL:     2   Next: 72%
Magic:  0/1        EV:  5    Int:  5    God:
Gold:   113        SH:  9    Dex:  9    Spells: 1/1 levels left

rFire    . . .     SeeInvis .   a - +0 long sword
rCold    . . .     Faith    .   c - +0 kite shield
rNeg     . . .     Spirit   .   j - +0 chain mail
rPois    .         Reflect  .   (helmet restricted)
rElec    .         Harm     .   (no cloak)
rCorr    .         Rampage  .   (no gloves)
Will     .....                  f - +2 pair of boots
Stlth    ..........             (no amulet)
HPRegen  0.09/turn              (no ring)
MPRegen  0.07/turn              (no ring)

@: mighty, lethally poisoned (-4 -> -8), hasted, very quick
A: horns 2, retaliatory headbutt
a: no special abilities


You were on level 2 of the Dungeon.
You visited 1 branch of the dungeon, and saw 2 of its levels.

You collected 113 gold pieces.

Inventory:

Hand Weapons
 a - a +0 long sword (weapon)
Armour
 b - a +0 scale mail
 c - a +0 kite shield (worn)
 f - a +2 pair of boots (worn)
 j - a +0 chain mail (worn)
Scrolls
 e - 3 scrolls of summoning {unknown}
 i - 2 scrolls of identify {unknown}
 k - a scroll of acquirement {unknown}
 m - a scroll of enchant armour {unknown}
 n - a scroll of noise {unknown}
Potions
 d - a potion of might
 g - a potion of curing {unknown}
 l - a potion of attraction {unknown}


   Skills:
 + Level 3.9 Fighting
 + Level 2.7 Long Blades
 + Level 4.0 Armour
 + Level 4.1 Shields


You had one spell level left.
You didn't know any spells.
Your spell library was empty.

Dungeon Overview and Level Annotations

Branches:
Dungeon (2/15)

Altars:

Shops:
D:2 :

Annotations:
D:2 Crazy Yiuf


Innate Abilities, Weirdness & Mutations

You have a pair of horns on your head.
You reflexively headbutt those who attack you in melee.


Message History

Found an escape hatch in the ceiling.
The bat hits you but does no damage.
You closely miss the bat. Your headbutt misses the bat.
The bat barely misses you.
You riposte.
You closely miss the bat. You hit the bat. Your headbutt misses the bat.
The bat is moderately wounded.
You block the bat's attack. The bat hits you but does no damage.
The bat hits you but does no damage. You block the bat's attack.
You closely miss the bat. You headbutt the bat.
You kill the bat!
You see here a bat corpse.
There is an escape hatch in the ceiling here.
Found 16 gold pieces.
You now have 113 gold pieces (gained 16).
There is a stone staircase leading down here.
Key pressed, stopping explore.
Crazy Yiuf shouts!
You open the door.
Crazy Yiuf says, "Lugonu!
Iron ragdoll cower."
You closely miss Crazy Yiuf. Your headbutt misses Crazy Yiuf.
Crazy Yiuf hits you with a +3 quarterstaff of chaos.
You are poisoned.
Crazy Yiuf barely misses you.
You hit Crazy Yiuf.
Crazy Yiuf is moderately wounded.
You feel very sick.
Crazy Yiuf hits you with a +3 quarterstaff of chaos!
You feel very mighty all of a sudden.
You barely miss Crazy Yiuf.
Crazy Yiuf is moderately wounded.
You feel sick.
Crazy Yiuf hits you with a +3 quarterstaff of chaos!
* * * LOW HITPOINT WARNING * * *
You feel your power leaking away. Crazy Yiuf barely misses you.
You riposte.
You slash Crazy Yiuf!
Crazy Yiuf is severely wounded.
It was a potion of haste.
You feel yourself speed up.
* * * LOW HITPOINT WARNING * * *
You feel sick.
Crazy Yiuf hits you with a +3 quarterstaff of chaos.
You die...

##...###.####....#.....###.....##
#..#..#....................####..
..###.#.#####....#...........##..
#..#..#.# #############.##.....
##...#..# #...###.. ##....##
♣♣♣♣♣##.<.###.. ##....## ###
♣♣♣.♣...#........ #..#..#
#...#♣..♣.♣......###.. ..###.#
#...g@♣♣♣♣........##.. #..#..####
#)..#♣♣ ♣♣..#.#..###. ##.......#
### ♣♣####...... ##......#
#####..#. #......# #........
#..#...# ######## #####..#.
###..#########......## ###...
..........##.........#### #....#
..........##..#....#..).####.####


You could see Crazy Yiuf.

Vanquished Creatures
  3 endoplasms
  2 giant cockroaches (D:1)
  4 goblins (D:1)
  2 hobgoblins
  2 kobolds
  A ball python (D:1)
  3 bats
  4 rats
21 creatures vanquished.

Notes
Turn   | Place    | Note
-------+----------+-------------------------------------------
     0 | D:1      | alasdair19 the Minotaur Fighter began the quest for the
                  | Orb.
     0 | D:1      | Reached XP level 1. HP: 19/19 MP: 0/0
   206 | D:1      | Found a faded altar of an unknown god.
   593 | D:1      | Reached XP level 2. HP: 27/27 MP: 1/1
  1198 | D:2      | Found a runed translucent door.
  1199 | D:2      | Noticed Crazy Yiuf
  1424 | D:2      | Found Legobon's Book Emporium.
  1552 | D:2      | HP: 1/27 [poisoned by Crazy Yiuf]
  1552 | D:2      | Slain by Crazy Yiuf

Illustrated notes

Levels and vault maps discovered:
D:1:      minmay_arrival_loop, layout_loops_corners,
          ebering_ecumenical_altar_hall
D:2:      layout_rooms, serial_shops, shop, serial_glass, glass_columns_a,
          glass_columns_a, item_on_display_a, minmay_strange_pillars,
          item_on_display_a, due_unseen_surprise, uniq_crazy_yiuf_cottage

Skill      XL: |  1  2 |
---------------+-------+-----
Armour         | 4 |  4.0
Shields        | 4 |  4.1
Fighting       | |  3.9
Long Blades    | |  2.7

Action                   || total
-------------------------++-------
Melee: Long sword        ||    38
       Headbutt          ||     4
  Use: Potion            ||     1
Armor: Scale mail        ||     5
       Chain mail        ||    19
Dodge: Dodged            ||    10
Block: Kite shield       ||    15
       Rpst.: Long sword ||     3
